 Dungeon Crawl Stone Soup version bcrawl-1.27.1d (webtiles) character file.

Game seed: 15980470452503539574

164625 Freyura the Twirler (level 5, -5/41 HPs)
             Began as a Demonspawn Gladiator on July 27, 2020.
             Killed from afar by an orc wizard (10 damage)
             ... with a puff of flame
             ... on level 3 of the Dungeon.
             The game lasted 00:05:02 (2380 turns).

Freyura the Twirler (Demonspawn Gladiator)          Turns: 2380, Time: 00:05:02

Health: -5/41      AC:  4    Str: 14    XL:     5   Next: 42%
Magic:  5/5        EV: 13    Int: 10    God:
Gold:   177        SH:  0    Dex: 15    Spells: 4/4 levels left

rFire    . . .     SeeInvis .   a - +0 quarterstaff
rCold    . . .     Gourm    .   (shield currently unavailable)
rNeg     . . .     Faith    .   b - +0 leather armour
rPois    .         Spirit   .   c - +0 helmet
rElec    .         Reflect  .   (no cloak)
rCorr    .         Harm     .   (no gloves)
MR       .....                  (no boots)
Stlth    +++.......             (no amulet)
HPRegen  0.13/turn              (no ring)
MPRegen  0.09/turn              (no ring)

@: no status effects
A: claws 1, nightstalker 2
a: no special abilities


You were on level 3 of the Dungeon.
You were not hungry.

You visited 1 branch of the dungeon, and saw 3 of its levels.

You collected 177 gold pieces.

Inventory:

Hand Weapons
 a - a +0 quarterstaff (weapon)
Missiles
 d - 3 throwing nets {=f}
Armour
 b - a +0 leather armour (worn)
 c - a +0 helmet (worn)
Scrolls
 f - a scroll of enchant weapon {unknown}
 g - 3 scrolls of teleportation
 k - 3 scrolls of remove curse
Potions
 h - a potion of flight
 i - a potion of resistance {unknown}
 m - a potion of might {unknown}
Comestibles
 e - 4 rations {!d}


   Skills:
 + Level 3.0 Fighting
 * Level 4.1 Staves
 - Level 1.7 Throwing
 + Level 1.8 Armour
 + Level 3.4 Dodging


You had 4 spell levels left.
You didn't know any spells.
Your spell library was empty.

Dungeon Overview and Level Annotations

Branches:
Dungeon (3/12)

Altars:
Fedhas
Hepliaklqana
Zin
The Shining One


Innate Abilities, Weirdness & Mutations

You have sharp fingernails.
You are significantly more attuned to the shadows.


Message History

The bat closely misses you. x2
The orc wizard gestures wildly while chanting.
The orc wizard seems to speed up.
Okay, then.
You barely miss the bat.
The bat is moderately wounded.
The bat hits you but does no damage.
You barely miss the bat.
The bat is moderately wounded.
The bat hits you but does no damage. The bat hits you.
* * * LOW HITPOINT WARNING * * *
The bat hits you but does no damage.
You hit the bat.
You kill the bat!
The orc wizard points at you and mumbles some strange words.
The magic dart hits you!
* * * LOW HITPOINT WARNING * * *
The orc wizard casts a spell at you. The puff of flame hits you!
You die...

..... ..... ..... ##### #
### # ###.. #
.....####### # #..oo)@..#
###...####.# ######
.........#.#########.....
.#.....#.#.........#.....
#.....# #...............
...#)#.............#.....
...#. ##.##........#.....
.. #. #.#.........#.....
.. # #.........#.....


You could see an orc wizard and an orc.

Vanquished Creatures
  A crimson imp (D:2)
  An orc priest (D:3)
  3 gnolls (D:2)
  3 adders
  3 worms (D:2)
  2 dart slugs
  4 leopard geckos
  4 orcs (D:3)
  2 giant cockroaches (D:2)
  4 goblins
  6 hobgoblins
  6 jackals
  A quokka (D:2)
  A ball python (D:1)
  4 bats
  2 frilled lizards
  4 kobolds
  2 rats
53 creatures vanquished.

Notes
Turn   | Place    | Note
-------+----------+-------------------------------------------
     0 | D:1      | Freyura the Demonspawn Gladiator began the quest for the
                  | Orb.
     0 | D:1      | Reached XP level 1. HP: 16/16 MP: 1/1
   187 | D:1      | Gained mutation: You are slightly more attuned to the
                  | shadows. [demonic ancestry]
   187 | D:1      | Reached XP level 2. HP: 22/22 MP: 2/2
   191 | D:1      | Reached skill level 3 in Staves
   747 | D:2      | Noticed a crimson imp
   757 | D:2      | Killed a crimson imp
   757 | D:2      | Reached skill level 1 in Armour
   757 | D:2      | Gained mutation: You have sharp fingernails. [demonic
                  | ancestry]
   757 | D:2      | Reached XP level 3. HP: 21/28 MP: 3/3
   914 | D:2      | Gained mutation: You are significantly more attuned to the
                  | shadows. [demonic ancestry]
   914 | D:2      | Reached XP level 4. HP: 22/34 MP: 4/4
  1373 | D:2      | Found a glowing golden altar of the Shining One.
  1583 | D:2      | Found a blossoming altar of Fedhas.
  1829 | D:2      | Found a glowing silver altar of Zin.
  1830 | D:2      | Found a hazy altar of Hepliaklqana.
  2054 | D:3      | Reached XP level 5. HP: 40/40 MP: 5/5
  2065 | D:3      | Reached skill level 4 in Staves
  2380 | D:3      | Killed from afar by an orc wizard

Skill      XL: |  1  2  3  4  5 |
---------------+----------------+-----
Staves         | 3 4 |  4.1
Armour         | 1 |  1.8
Dodging        | 3 |  3.4
Fighting       | 3 |  3.0
Throwing       | |  1.7

Action                   |  1- 3 |  4- 6 || total
-------------------------+-------+-------++-------
Melee: Quarterstaff      |    76 |    84 ||   160
  Use: Scroll            |     3 |     3 ||     6
       Potion            |       |     2 ||     2
 Stab: Sleeping          |     5 |    10 ||    15
  Eat: Chunk             |     2 |     7 ||     9
Armor: Leather armour    |    19 |    27 ||    46
Dodge: Dodged            |    49 |    60 ||   109
